SNL (28 & UNDER)
MEMPHIS BLUES @ BLACKIRON DRAGONS
08/21/2030
 
TOP OF THE 1ST
Memphis Blues batting - Pitching for BlackIron Dragons : RHP Juan Carlos Guerrero
Pitching: RHP Juan Carlos Guerrero
Batting: RHB Albert Morán 0-0: Ground out 6-3 (Groundball, 6)
Batting: RHB Brandon Townsley 0-0: Swinging Strike
0-1: Called Strike
0-2: Strikes out looking
Batting: RHB Ryan Nelson 0-0: Ball
1-0: Called Strike
1-1: Foul Ball, location: 2F
1-2: Foul Ball, location: 2F
1-2: Strikes out looking
Top of the 1st over - 0 runs, 0 hits, 0 errors, 0 left on base; Memphis 0 - BlackIron 0
BOTTOM OF THE 1ST
BlackIron Dragons batting - Pitching for Memphis Blues : RHP Mike Clay
Pitching: RHP Mike Clay
Batting: RHB Joaquín Valenzuela 0-0: Ball
1-0: Foul Ball, location: 2F
1-1: Called Strike
1-2: Ball
2-2: Strikes out swinging
Batting: RHB Mel Wells 0-0: Called Strike
0-1: Ball
1-1: Foul Ball, location: 2F
1-2: Foul Ball, location: 2F
1-2: Ball
2-2: Foul Ball, location: 2F
2-2: Ball
3-2: Base on Balls
Batting: RHB Millard Long 0-0: Ball
1-0: Foul Ball, location: 2F
1-1: Called Strike
1-2: Ball
Wild Pitch!
Mel Wells to second
2-2: Strikes out swinging
Batting: RHB Foster Hapgood 0-0: Called Strike
0-1: Ball
1-1: Fly out, F7 (Flyball, 78S)
Bottom of the 1st over - 0 runs, 0 hits, 0 errors, 1 left on base; Memphis 0 - BlackIron 0
TOP OF THE 2ND
Memphis Blues batting - Pitching for BlackIron Dragons : RHP Juan Carlos Guerrero
Batting: RHB Julian Lee 0-0: Ground out 6-3 (Groundball, 6)
Batting: SHB Hang-ki Yue 0-0: Called Strike
0-1: Ball
1-1: Foul Ball, location: 2F
1-2: Fly out, F8 (Flyball, 89M)
Batting: SHB Fernando Gutiérrez 0-0: Ball
1-0: Ball
2-0: Ground out 5-3 (Groundball, 5)
Top of the 2nd over - 0 runs, 0 hits, 0 errors, 0 left on base; Memphis 0 - BlackIron 0
BOTTOM OF THE 2ND
BlackIron Dragons batting - Pitching for Memphis Blues : RHP Mike Clay
Batting: RHB Iván Granados 0-0: Ball
1-0: Ball
2-0: Ball
3-0: Called Strike
3-1: Called Strike
3-2: Fly out, F9 (Flyball, 9S)
Batting: RHB Jason Erickson 0-0: Ball
1-0: Swinging Strike
1-1: Foul Ball, location: 2F
1-2: Ball
2-2: Ground out 4-3 (Groundball, 4)
Batting: RHB Júlio Rodríguez 0-0: Ball
1-0: Called Strike
1-1: Called Strike
1-2: Fly out, F7 (Line Drive, 7)
Bottom of the 2nd over - 0 runs, 0 hits, 0 errors, 0 left on base; Memphis 0 - BlackIron 0
TOP OF THE 3RD
Memphis Blues batting - Pitching for BlackIron Dragons : RHP Juan Carlos Guerrero
Batting: LHB Freddy Torres 0-0: SINGLE (Flyball, 7LS)
Batting: RHB Miguel Mendoza 0-0: DOUBLE (Line Drive, 7LS)
Freddy Torres to third
Runner from 3rd tries for Home, SAFE, no throw
Batting: LHB Armando Domínguez 0-0: Ball
1-0: Foul Ball, location: 2F
1-1: Ball
2-1: Ball
3-1: Ground out 6-3 (Groundball, 6)
Batting: RHB Albert Morán 0-0: Ball
1-0: Foul Ball, location: 2F
1-1: Ball
2-1: Ground out 6-3 (Groundball, 6)
Miguel Mendoza to third
Batting: RHB Brandon Townsley 0-0: Ball
1-0: Swinging Strike
1-1: Foul Ball, location: 2F
1-2: Ground out 1-3 (Groundball, P)
Top of the 3rd over - 1 run, 2 hits, 0 errors, 1 left on base; Memphis 1 - BlackIron 0
BOTTOM OF THE 3RD
BlackIron Dragons batting - Pitching for Memphis Blues : RHP Mike Clay
Batting: RHB Randall Walker 0-0: Ball
1-0: Ball
2-0: Fly out, F8 (Flyball, 8LM)
Batting: RHB Jake Erickson 0-0: Foul Ball, location: 2F
0-1: Called Strike
0-2: Strikes out swinging
Batting: RHB Joaquín Valenzuela 0-0: Called Strike
0-1: Swinging Strike
0-2: Ball
1-2: Ball
2-2: DOUBLE (Flyball, 89D)
Batting: RHB Mel Wells 0-0: Called Strike
0-1: Ground out 6-3 (Groundball, 6)
Bottom of the 3rd over - 0 runs, 1 hit, 0 errors, 1 left on base; Memphis 1 - BlackIron 0
TOP OF THE 4TH
Memphis Blues batting - Pitching for BlackIron Dragons : RHP Juan Carlos Guerrero
Batting: RHB Ryan Nelson 0-0: Foul Ball, location: 2F
0-1: Fly out, F8 (Flyball, 8LD)
Batting: RHB Julian Lee 0-0: Ball
1-0: Swinging Strike
1-1: Ball
2-1: Foul Ball, location: 2F
2-2: Foul Ball, location: 2F
2-2: Strikes out swinging
Batting: SHB Hang-ki Yue 0-0: Fly out, F4 (Line Drive, 4)
Top of the 4th over - 0 runs, 0 hits, 0 errors, 0 left on base; Memphis 1 - BlackIron 0
BOTTOM OF THE 4TH
BlackIron Dragons batting - Pitching for Memphis Blues : RHP Mike Clay
Batting: RHB Millard Long 0-0: Foul Ball, location: 2F
0-1: Swinging Strike
0-2: Foul Ball, location: 2F
0-2: Reached on error, E6 (Groundball, 6)
Batting: RHB Foster Hapgood 0-0: Ball
1-0: Called Strike
1-1: Ball
2-1: SINGLE (Line Drive, 5D)
Millard Long to third
Batting: RHB Iván Granados 0-0: Swinging Strike
0-1: Ball
1-1: Ball
2-1: Called Strike
2-2: Foul Ball, location: 2F
2-2: Foul Ball, location: 2F
2-2: SINGLE (Flyball, 9S)
Millard Long scores
Foster Hapgood to second
Runner from 2nd tries for 3rd, SAFE, no throw
Batting: RHB Jason Erickson 0-0: Fly out, F9 (Line Drive, 89M)
Batting: RHB Júlio Rodríguez 0-0: Ball
Iván Granados is caught stealing 2nd base
1-0: Ground out 5-3 (Groundball, 56S)
Bottom of the 4th over - 1 run, 2 hits, 1 error, 1 left on base; Memphis 1 - BlackIron 1
TOP OF THE 5TH
Memphis Blues batting - Pitching for BlackIron Dragons : RHP Juan Carlos Guerrero
Batting: SHB Fernando Gutiérrez 0-0: Ball
1-0: Foul Ball, location: 2F
1-1: DOUBLE (Flyball, 89D)
Batting: LHB Freddy Torres 0-0: Intentional Walk
Batting: RHB Miguel Mendoza 0-0: Ball
1-0: Ball
2-0: Ball
3-0: Called Strike
3-1: Foul Ball, location: 2F
3-2: SINGLE (Flyball, 7S)
Fernando Gutiérrez to third
Freddy Torres to second
Batting: LHB Armando Domínguez 0-0: Called Strike
0-1: Grounds into double play, 6-4-3 (Groundball, 6)
Fernando Gutiérrez scores
Freddy Torres to third
Batting: RHB Albert Morán 0-0: Called Strike
0-1: Ball
1-1: Fly out, F6 (Popup, 6MD)
Top of the 5th over - 1 run, 2 hits, 0 errors, 1 left on base; Memphis 2 - BlackIron 1
BOTTOM OF THE 5TH
BlackIron Dragons batting - Pitching for Memphis Blues : RHP Mike Clay
Batting: RHB Randall Walker 0-0: Ball
1-0: Called Strike
1-1: Ball
2-1: Foul Ball, location: 2F
2-2: Strikes out swinging
Batting: RHB Jake Erickson 0-0: Fly out, F8 (Flyball, 8LD)
Batting: RHB Joaquín Valenzuela 0-0: Called Strike
0-1: Ball
1-1: Called Strike
1-2: Ball
2-2: Foul Ball, location: 2F
2-2: Ball
3-2: Foul Ball, location: 2F
3-2: Ground out 5-3 (Groundball, 56S)
Bottom of the 5th over - 0 runs, 0 hits, 0 errors, 0 left on base; Memphis 2 - BlackIron 1
TOP OF THE 6TH
Memphis Blues batting - Pitching for BlackIron Dragons : RHP Juan Carlos Guerrero
Batting: RHB Brandon Townsley 0-0: Foul Ball, location: 2F
0-1: Ball
1-1: Called Strike
1-2: Ball
2-2: Ball
3-2: Foul Ball, location: 2F
3-2: Fly out, F8 (Flyball, 8LM)
Batting: RHB Ryan Nelson 0-0: Swinging Strike
0-1: Ball
1-1: Swinging Strike
1-2: Strikes out swinging
Batting: RHB Julian Lee 0-0: Ball
1-0: Called Strike
1-1: Foul Ball, location: 2F
1-2: Ball
2-2: Fly out, F7 (Flyball, 78D)
Top of the 6th over - 0 runs, 0 hits, 0 errors, 0 left on base; Memphis 2 - BlackIron 1
BOTTOM OF THE 6TH
BlackIron Dragons batting - Pitching for Memphis Blues : RHP Mike Clay
Batting: RHB Mel Wells 0-0: Ball
1-0: Ball
2-0: Ball
3-0: Base on Balls
Batting: RHB Millard Long 0-0: Called Strike
0-1: Ball
1-1: Ball
2-1: Fielders Choice at 2nd, 1-4 (Groundball, 15)
Batting: RHB Foster Hapgood 0-0: Called Strike
0-1: 2-RUN HOME RUN (Flyball, 7LD), Distance : 389 ft
Batting: RHB Iván Granados 0-0: Ball
1-0: Ball
2-0: Foul Ball, location: 2F
2-1: Ball
3-1: Foul Ball, location: 2F
3-2: Foul Ball, location: 2F
3-2: Base on Balls
Batting: RHB Jason Erickson 0-0: Called Strike
Iván Granados steals 2nd base
0-1: Called Strike
Iván Granados steals 3rd base
0-2: Ball
1-2: Strikes out swinging
Batting: RHB Júlio Rodríguez 0-0: Ball
1-0: Ball
2-0: Called Strike
2-1: Foul Ball, location: 2F
2-2: Foul Ball, location: 2F
2-2: Ball
3-2: Fly out, F9 (Flyball, 89M)
Bottom of the 6th over - 2 runs, 1 hit, 0 errors, 1 left on base; Memphis 2 - BlackIron 3
TOP OF THE 7TH
Memphis Blues batting - Pitching for BlackIron Dragons : RHP Juan Carlos Guerrero
Batting: SHB Hang-ki Yue 0-0: SINGLE (Flyball, 89M)
Batting: SHB Fernando Gutiérrez 0-0: Ball
1-0: Grounds into double play, 4-6-3 (Groundball, 4)
Batting: LHB Freddy Torres 0-0: Called Strike
0-1: Ball
1-1: Fly out, F9 (Line Drive, 89M)
Top of the 7th over - 0 runs, 1 hit, 0 errors, 0 left on base; Memphis 2 - BlackIron 3
BOTTOM OF THE 7TH
BlackIron Dragons batting - Pitching for Memphis Blues : RHP Mike Clay
Pitching: RHP Fernando Llama
Batting: RHB Randall Walker 0-0: Ball
1-0: Fly out, F8 (Flyball, 8LS)
Batting: RHB Jake Erickson 0-0: Ball
1-0: Called Strike
1-1: Swinging Strike
1-2: Foul Ball, location: 2F
1-2: Strikes out swinging
Batting: RHB Joaquín Valenzuela 0-0: Ball
1-0: Called Strike
1-1: Fly out, F9 (Flyball, 9S)
Bottom of the 7th over - 0 runs, 0 hits, 0 errors, 0 left on base; Memphis 2 - BlackIron 3
TOP OF THE 8TH
Memphis Blues batting - Pitching for BlackIron Dragons : RHP Juan Carlos Guerrero
Now at C: Luis Méndez
Now in CF: Miguel Barrón
Batting: RHB Miguel Mendoza 0-0: Ground out 4-3 (Groundball, 34)
Batting: LHB Armando Domínguez 0-0: Ball
1-0: Called Strike
1-1: SINGLE (Groundball, 56S) (infield hit)
Batting: RHB Albert Morán 0-0: Called Strike
0-1: Called Strike
0-2: Ball
1-2: Ball
2-2: Strikes out swinging
Batting: RHB Brandon Townsley 0-0: Foul Ball, location: 2F
0-1: Ball
1-1: Foul Ball, location: 2F
1-2: Ball
2-2: Foul Ball, location: 2F
2-2: Foul Ball, location: 2F
2-2: Ball
3-2: Strikes out looking
Top of the 8th over - 0 runs, 1 hit, 0 errors, 1 left on base; Memphis 2 - BlackIron 3
BOTTOM OF THE 8TH
BlackIron Dragons batting - Pitching for Memphis Blues : RHP Fernando Llama
Batting: RHB Mel Wells 0-0: Ball
1-0: Called Strike
1-1: Called Strike
1-2: Foul Ball, location: 2F
1-2: Strikes out swinging
Batting: RHB Millard Long 0-0: Ball
1-0: Called Strike
1-1: Ball
2-1: Foul Ball, location: 2F
2-2: Ball
3-2: Fly out, F7 (Line Drive, 7S)
Batting: RHB Foster Hapgood 0-0: Swinging Strike
0-1: Called Strike
0-2: Foul Ball, location: 2F
0-2: Strikes out looking
Bottom of the 8th over - 0 runs, 0 hits, 0 errors, 0 left on base; Memphis 2 - BlackIron 3
TOP OF THE 9TH
Memphis Blues batting - Pitching for BlackIron Dragons : RHP Juan Carlos Guerrero
Pitching: RHP Corey Brown
Now at 1B: Roderick Silva
Now in LF: Alexander Barr
Batting: RHB Ryan Nelson 0-0: Swinging Strike
0-1: Foul Ball, location: 2F
0-2: Ball
1-2: Strikes out looking
Batting: RHB Julian Lee 0-0: Ball
1-0: Called Strike
1-1: Called Strike
1-2: Ground out 1-3 (Groundball, P)
Batting: SHB Hang-ki Yue 0-0: Ball
1-0: Foul Ball, location: 2F
1-1: Swinging Strike
1-2: Ball
2-2: Foul Ball, location: 2F
2-2: Foul Ball, location: 2F
2-2: Ball
3-2: Foul Ball, location: 2F
3-2: Fly out, F7 (Flyball, 7LM)
Top of the 9th over - 0 runs, 0 hits, 0 errors, 0 left on base; Memphis 2 - BlackIron 3
Saturday, April 7th, 2018 - OOTP Baseball 18.8 Build 76